 Dungeon Crawl Stone Soup version 0.27-a0-1200-g94dc6ad4cf (webtiles) character file.

Game seed: 13419188160480850109

54 bande the Shield-Bearer (level 3, -7/23 HPs)
             Began as a Gargoyle Fighter on May 31, 2021.
             Mangled by an ogre
             ... wielding a +0 giant club
              (18 damage)
             ... on level 3 of the Dungeon.
             The game lasted 00:03:53 (2243 turns).

bande the Shield-Bearer (Gargoyle Fighter)          Turns: 2243, Time: 00:03:54

Health: -7/23      AC: 11    Str: 19    XL:     3   Next: 91%
Magic:  3/3        EV:  7    Int:  8    God:
Gold:   105        SH:  9    Dex: 10    Spells: 2/2 levels left

rFire    . . .     SeeInvis .   a - +1 war axe
rCold    . . .     Faith    .   c - +0 kite shield
rNeg     + . .     Spirit   .   b - +0 scale mail
rPois    ∞         Reflect  .   (no helmet)
rElec    +         Harm     .   (no cloak)
rCorr    .         Rampage  .   i - +0 pair of gloves
Will     .....                  (no boots)
Stlth    ..........             (no amulet)
HPRegen  0.07/turn              (no ring)
MPRegen  0.08/turn              (no ring)

@: no status effects
A: sickness immunity, AC +3, negative energy resistance 1, electricity
resistance, torment resistance 1, petrification resistance
a: no special abilities


You were on level 3 of the Dungeon.
You visited 1 branch of the dungeon, and saw 3 of its levels.

You collected 105 gold pieces.

Inventory:

Hand Weapons
 a - a +1 war axe (weapon)
Missiles
 e - 8 curare-tipped darts (quivered)
Armour
 b - a +0 scale mail (worn)
 c - a +0 kite shield (worn)
 i - a +0 pair of gloves (worn)
Scrolls
 g - a scroll of teleportation
 k - a scroll of enchant weapon
Potions
 d - a potion of might
 f - a potion of heal wounds
 h - 3 potions of flight {unknown}
 j - a potion of attraction {unknown}
 l - a potion of degeneration {unknown}


   Skills:
 + Level 3.6 Fighting
 + Level 2.5 Axes
 + Level 3.7 Armour
 + Level 0.3 Dodging
 + Level 3.9 Shields


You had 2 spell levels left.
You didn't know any spells.
Your spell library contained the following spells:

 Spells                   Type           Power      Damage    Failure   Level
 Animate Skeleton         Necr           0%         N/A       99%         1
 Apportation              Tloc           0%         N/A       99%         1
 Corona                   Hex            0%         N/A       99%         1
 Summon Small Mammal      Summ           0%         N/A       99%         1


Dungeon Overview and Level Annotations

Branches:
Dungeon (3/15)

Altars:


Innate Abilities, Weirdness & Mutations

You are immune to sickness and miasma.
Your stone body is resilient. (AC +3)
You are immune to poison.
You resist negative energy. (rN+)
You are resistant to electric shocks. (rElec)
You are resistant to unholy torment.
You are immune to petrification.


Message History

a jackal corpse; a jackal corpse
k - a scroll of enchant weapon A ball python and an ogre come into view.
Found a stone staircase leading down.
Your scale mail prevents you from hitting the ball python.
The ball python bites you but does no damage.
The ball python grabs you. The ball python constricts you.
The ball python bites you but does no damage.
The ball python constricts you.
Your shield prevents you from hitting the ball python.
The ball python bites you but does no damage.
The ball python constricts you.
The ball python bites you but does no damage.
The ball python constricts you.
You slash the ball python!
You kill the ball python!
You slash the ogre!
The ogre is moderately wounded.
You block the ogre's attack. x2
A worm comes into view.
You slash the ogre!
The ogre is heavily wounded.
You block the ogre's attack.
You barely miss the ogre.
The ogre is heavily wounded.
The ogre hits you with a +0 giant club!
Ouch! That really hurt!
You are too injured to fight recklessly!
You are too injured to fight recklessly!
You are too injured to fight recklessly!
You are too injured to fight recklessly!
You are too injured to fight recklessly!
You are too injured to fight recklessly!
You are too injured to fight recklessly!
Unknown command.
You slash the ogre!
The ogre is almost dead.
The ogre hits you with a +0 giant club!!
Ouch! That really hurt!
You die...

#. .. #.## .. .
...# #. ..
#..##8 ..8
#.... .... #.w.
..>..
#.O#......
#.@....8..
#.####.... #.#
. #.# #.# #.#
#.#####
####.....#
#...####.#+####


You could see an ogre and a worm.

Vanquished Creatures
  A dart slug (D:1)
  2 endoplasms
  A giant cockroach (D:1)
  2 goblins
  6 hobgoblins
  9 jackals
  3 kobolds
  4 quokkas
  6 ball pythons
  4 bats
  4 frilled lizards (D:1)
  5 rats
47 creatures vanquished.

Notes
Turn   | Place    | Note
-------+----------+-------------------------------------------
     0 | D:1      | bande the Gargoyle Fighter began the quest for the Orb.
     0 | D:1      | Reached XP level 1. HP: 14/14 MP: 1/1
   216 | D:1      | Reached XP level 2. HP: 19/19 MP: 2/2
   991 | D:1      | Reached XP level 3. HP: 23/23 MP: 3/3
  1173 | D:2      | Found a faded altar of an unknown god.
  2235 | D:3      | Noticed an ogre
  2243 | D:3      | Mangled by an ogre

Illustrated notes

Levels and vault maps discovered:
D:1:      lemuel_arrival_cross, layout_rooms, grunt_decor_mini_mirrors,
          minmay_hexomino_p4
D:2:      layout_loops_cross, chequers_ecumenical_altar_simple_redux
D:3:      layout_basic, serial_shops, nicolae_shop_trees, grunt_ministairs_1,
          minmay_ruptured, uniq_crazy_yiuf_cottage

Skill      XL: |  1  2 |
---------------+-------+-----
Axes           | 2 |  2.5
Fighting       | |  3.6
Armour         | |  3.7
Dodging        | |  0.3
Shields        | |  3.9

Action                   || total
-------------------------++-------
Melee: War axe           ||   158
  Use: Scroll            ||     7
Armor: Scale mail        ||   102
Dodge: Dodged            ||    63
Block: Kite shield       ||   107

Table legend: (Time is in decaauts)
 A = Elapsed time spent in this place.
 B = Non-inter-level travel time spent in this place.
 C = Inter-level travel time spent in this place.
 D = Time resting spent in this place.
 E = Time spent auto-exploring this place.
 F = Levels seen in this place.
 G = Mean time per level.
                   A        B        C        D        E       F      G
               +--------+--------+--------+--------+--------+-----+--------+
         Total |   2341 |   2242 |     99 |    365 |   1393 |   3 |  780.3 |
       Dungeon |   2341 |   2242 |     99 |    365 |   1393 |   3 |  780.3 |
               +--------+--------+--------+--------+--------+-----+--------+

Top non-repeatable levels by time:
     D:1: 1228 daAuts
     D:2: 894 daAuts
     D:3: 217 daAuts
